 Dungeon Crawl Stone Soup version 0.18.1-8-gdd0e5ea (webtiles) character file.

487 nikopol the Skirmisher (level 6, -4/57 HPs)
             Began as a Minotaur Berserker on June 5, 2016.
             Was a Priest of Trog.
             Killed from afar by an orc wizard (7 damage)
             ... with a magic dart
             ... on level 4 of the Dungeon.
             The game lasted 00:06:06 (2497 turns).

nikopol the Skirmisher (Minotaur Berserker)         Turns: 2497, Time: 00:06:06

Health: -4/57      AC:  2    Str: 22    XL:     6   Next: 89%
Magic:  5/5        EV: 13    Int:  4    God:    Trog [***...]
Gold:   174        SH:  0    Dex: 11    Spells: 0 memorised, 5 levels left

rFire  . . .     SeeInvis .     e - +2 spear (pierce)
rCold  . . .     Gourm    .     b - +0 animal skin
rNeg   . . .     Faith    .     (no shield)
rPois  .         Spirit   .     (helmet restricted)
rElec  .         Dismiss  .     (no cloak)
rCorr  .         Reflect  .     (no gloves)
SustAt .         Harm     .     (no boots)
MR     .....                    (no amulet)
Stlth  +.........               (no ring)
                                (no ring)

@: confused, lethally poisoned (-4 -> -14), not resistant to hostile
enchantments, very unstealthy
A: retaliatory headbutt, horns 2
a: Berserk, Trog's Hand, Burn Spellbooks, Renounce Religion


You were on level 4 of the Dungeon.
You worshipped Trog.
Trog was most pleased with you.
You were not hungry.

You visited 1 branch of the dungeon, and saw 4 of its levels.

You collected 174 gold pieces.

Inventory:

Hand Weapons
 a - a +0 spear
 e - a +2 spear of piercing (weapon)
Armour
 b - a +0 animal skin (worn)
Jewellery
 q - an uncursed ring of protection from cold {unknown}
 s - an uncursed ring of fire {unknown}
Scrolls
 d - 3 scrolls of identify {unknown}
 j - a scroll of remove curse {unknown}
 l - 2 scrolls of teleportation {unknown}
 m - a scroll of enchant weapon {unknown}
 n - a scroll of noise {unknown}
Potions
 f - 4 potions of curing
 g - a potion of haste {unknown}
 h - a potion of magic {unknown}
 o - 2 potions of agility {unknown}
Books
 k - a book of the Tempests

   Spells                             Type                      Level
   a - Static Discharge               Conjuration/Air              3
   b - Lightning Bolt                 Conjuration/Air              5
   c - Fireball                       Conjuration/Fire             5
   d - Tornado                        Air                          9
   e - Shatter                        Earth                        9
   Trog disapproves of the use of such an item.
Comestibles
 c - 2 bread rations
 i - a slice of pizza
 p - a beef jerky
 r - 10 chunks of flesh


   Skills:
 + Level 5.8 Fighting
 + Level 5.6 Polearms
 + Level 4.6 Armour
 + Level 4.5 Dodging


You had 5 spell levels left.
You didn't know any spells.

Dungeon Overview and Level Annotations

Branches:
Dungeon (4/15)
 Temple: D:4-7

Altars:


Innate Abilities, Weirdness & Mutations

You reflexively headbutt those who attack you in melee.
You have a pair of horns on your head.


Message History

The orc wizard appears confused.
The orc wizard gestures at you while chanting.
You are more confused.
You see here a poisoned tomahawk.
The orc wizard casts a spell.
The orc wizard flickers and vanishes!
Deactivating autopickup; reactivate with Ctrl-A.
The worker ant bites you.
* * * LOW HITPOINT WARNING * * *
You are poisoned.
The worker ant poisons you!
You feel sick. Something hits you but does no damage. The worker ant bites you!
* * * LOW HITPOINT WARNING * * *
You are lethally poisoned!
The worker ant poisons you!
* * * LOW HITPOINT WARNING * * *
You feel sick.
A magic dart appears from out of thin air!
The magic dart hits you!
You die...

#.##..#.# #)#.#.# #######
#.##....###.#<#.# #.....#
#.#.........###.#
#.....#####'##..#............
###
#...............#.###########
..# #............#....### ..#
#....)..)..(.##......
..#####.......{a.##....##
.............o..@.(.##.#
...####..........#### .#
...####..........# .
.....############# .....#
.....# .....# .....# .....#


You could see a worker ant and an orc wizard (confused).

Vanquished Creatures
  An ogre (D:4)
  2 scorpions (D:4)
  A howler monkey (D:4)
  Jessica (D:2)
  2 worker ants
  Natasha (twice) (D:2)
  4 gnolls (D:4)
  4 adders
  A dart slug (D:2)
  5 giant geckos
  5 orcs
  2 giant cockroaches
  4 hobgoblins
  5 jackals
  3 quokkas
  2 ball pythons (D:2)
  4 bats
  6 giant newts
  7 goblins
  6 kobolds
  9 rats
76 creatures vanquished.

Notes
Turn   | Place    | Note
--------------------------------------------------------------
     0 | D:1      | nikopol the Minotaur Berserker began the quest for the Orb.
     0 | D:1      | Reached XP level 1. HP: 19/19 MP: 0/0
   141 | D:1      | Reached XP level 2. HP: 25/27 MP: 1/1
   695 | D:2      | Reached XP level 3. HP: 31/33 MP: 2/2
   804 | D:2      | Reached ** piety under Trog
  1093 | D:2      | Reached XP level 4. HP: 40/41 MP: 3/3
  1137 | D:2      | Noticed Natasha
  1143 | D:2      | Killed Natasha
  1167 | D:2      | Noticed Jessica
  1177 | D:2      | Killed Jessica
  1275 | D:2      | Noticed Natasha
  1283 | D:2      | Killed Natasha
  1283 | D:2      | Reached XP level 5. HP: 35/47 MP: 4/4
  2164 | D:3      | Reached skill level 5 in Fighting
  2185 | D:3      | Reached skill level 5 in Polearms
  2254 | D:4      | Reached *** piety under Trog
  2305 | D:4      | Reached XP level 6. HP: 56/56 MP: 5/5
  2497 | D:4      | Killed from afar by an orc wizard

Skill      XL: |  1  2  3  4  5 |
---------------+----------------+-----
Polearms       | 4 5 |  5.6
Fighting       | 4 5 |  5.8
Armour         | 3 4 |  4.6
Dodging        | 3 4 |  4.5

Action                   |  1- 3 |  4- 6 || total
-------------------------+-------+-------++-------
Melee: Spear             |    81 |    95 ||   176
       Headbutt          |     9 |    17 ||    26
Invok: Berserk           |       |     2 ||     2
 Stab: Sleeping          |     2 |       ||     2
  Eat: Chunk             |     1 |     6 ||     7
Armor: Animal skin       |     8 |     4 ||    12
Dodge: Dodged            |    38 |    38 ||    76
